 Dungeon Crawl Stone Soup version 0.31.0-10-gcf4a605ca0 (webtiles) character file.

Game seed: 17630007649535880929

1894 Amaterasu the Cutter (level 8, -11/100 HPs)
             Began as a Black Draconian Shapeshifter on Jan 25, 2024.
             Was an Initiate of Cheibriados.
             Mangled by a wyvern (14 damage)
             ... on level 7 of the Dungeon.
             The game lasted 00:12:01 (5461 turns).

Amaterasu the Cutter (Black Draconian Shapeshifter) Turns: 5461, Time: 00:12:02

Health: -11/100    AC:  6    Str: 25    XL:     8   Next: 93%
Magic:  9/11       EV: 14    Int: 19    God:    Cheibriados [......]
Gold:   272        SH:  0    Dex: 18    Spells: 10/11 levels left

rFire   . . .        l - +10 short sword of Victory {flame, Int+7}
rCold   . . .        (no shield)
rNeg    . . .        (body armour unavailable)
rPois   .            (helmet currently unavailable)
rElec   +            (cloak currently unavailable)
rCorr   .            (gloves currently unavailable)
SInv    .            (boots currently unavailable)
Will    .....        r - amulet of faith Stlth
                     h - +6 ring of dexterity
HPRegen 0.36/turn    s - +6 ring of strength
MPRegen 0.12/turn

%: faith
@: berserking, short of breath, beast-form, very slow
A: beast (slay +2), breathe lightning, AC +6, unfitting armour, electricity
resistance, cold-blooded
a: Breathe Lightning, Begin Untransformation, Renounce Religion


You were on level 7 of the Dungeon.
You worshipped Cheibriados.
Cheibriados was noncommittal.
You were a hulking beast.
You visited 2 branches of the dungeon, and saw 8 of its levels.

You collected 272 gold pieces.

Inventory:

Hand Weapons
 l - the +10 short sword of Victory (weapon) {flame, Int+7}
   (You found it on level 2 of the Dungeon)

   Int+7:     It affects your intelligence (+7).
Missiles
 D - a throwing net (quivered)
Armour
 q - a +1 cloak
Jewellery
 h - a +6 ring of dexterity (left hand)
 r - an amulet of faith (around neck)
 s - a +6 ring of strength (right hand)
Talismans
 b - a beast talisman
 c - a flux talisman
Wands
 t - a wand of polymorph (8)
 y - a wand of flame (10)
Scrolls
 e - 2 scrolls of fog
 j - 4 scrolls of teleportation
 p - a scroll of blinking
 A - 2 scrolls of revelation
Potions
 a - 6 potions of lignification
 d - 4 potions of might
 g - 3 potions of curing
 i - a potion of attraction
 k - 4 potions of resistance
 m - a potion of cancellation {unknown}
 n - a potion of degeneration {unknown}
 o - a potion of magic {unknown}
 u - a potion of haste {unknown}
 v - 2 potions of heal wounds {unknown}
 w - 2 potions of mutation {unknown}
 z - a potion of brilliance {unknown}
 B - a potion of enlightenment {unknown}


   Skills:
 * Level 4.9 Fighting
 * Level 6.4 Short Blades
 * Level 4.7 Dodging
 - Level 3.8 Unarmed Combat
 - Level 2.0 Spellcasting
 * Level 2.8 Hexes
 * Level 1.2 Invocations
 - Level 5.0 Shapeshifting


You had 10 spell levels left.
You knew the following spells:

 Your Spells              Type           Power      Damage    Failure   Level
a - Slow                  Hex            48%        N/A       5%          1

Your spell library contained the following spells:

 Spells                   Type           Power      Damage    Failure   Level
 Confusing Touch          Hex            12%        N/A       16%         3
 Sigil of Binding         Hex            12%        N/A       16%         3
 Apportation              Tloc           2%         N/A       17%         1
 Necrotise                Necr           4%         1d4       17%         1
 Sting                    Conj/Alch      4%         1d3       17%         1
 Summon Small Mammal      Summ           4%         N/A       17%         1
 Hailstorm                Conj/Ice       1%         3d5       45%         3
 Summon Ice Beast         Ice/Summ       1%         N/A       45%         3
 Vampiric Draining        Necr           1%         2d6       45%         3
 Sculpt Simulacrum        Ice/Alch       0%         N/A       100%        6


Dungeon Overview and Level Annotations

Branches:
Dungeon (7/15)             Temple (1/1) D:6

Altars:
Ashenzari
Cheibriados
Dithmenos
Elyvilon
Fedhas
Gozag
Hepliaklqana
Kikubaaqudgha
Makhleb
Nemelex Xobeh
Okawaru
Qazlal
Ru
Sif Muna
Trog
Uskayaw
Vehumet
Wu Jian
Xom
Yredelemnul
Zin
The Shining One

Shops:
D:6 *


Innate Abilities, Weirdness & Mutations

You are a hulking beast.
Your limbs bulge with bestial killing power. (Slay +2)
You can breathe wild blasts of lightning.
Your glossy black scales are hard. (AC +6)
You cannot fit into any form of body armour.
You are resistant to electric shocks. (rElec)
You are cold-blooded and may be slowed by cold attacks.


Message History

Press: ? - help, Shift-Dir - straight line, f/p - orc warrior
Aim: an orc warrior, wielding a +0 broad axe and wearing a +0 plate armour (chance to affect: 46%)
The orc warrior resists with some effort.
An orc wizard comes into view. It is wielding a +0 dagger.
The orc warrior hits you with a +0 broad axe!
* * * LOW HITPOINT WARNING * * *
The wyvern bites you.
* * * LOW HITPOINT WARNING * * *
The wyvern bites you but does no damage.
The wyvern bites you.
* * * LOW HITPOINT WARNING * * *
The wyvern attacks as it pursues you! The wyvern closely misses you.
The wyvern bites you but does no damage.
The wyvern attacks as it pursues you! The wyvern closely misses you.
The wyvern barely misses you. The orc warrior misses you.
A red film seems to cover your vision as you go berserk!
Cheibriados forces you to slow down.
You feel mighty!
The orc wizard shouts!
The wyvern misses you.
The orc warrior hits you with a +0 broad axe!
* * * LOW HITPOINT WARNING * * *
The orc wizard hits you with a +0 dagger.
* * * LOW HITPOINT WARNING * * *
You impale the orc warrior!! You burn the orc warrior.
You kill the orc warrior!
Cheibriados appreciates the change of pace.
The wyvern bites you.
* * * LOW HITPOINT WARNING * * *
The wyvern barely misses you.
You puncture the wyvern! You burn the wyvern.
The wyvern is moderately wounded.
The wyvern bites you but does no damage.
You puncture the wyvern! You burn the wyvern.
The wyvern is severely wounded.
The orc wizard gestures wildly while chanting.
The orc wizard flickers and vanishes!
Deactivating autopickup; reactivate with Ctrl-A.
The orc wizard misses you. The wyvern bites you!
You die...

.##......#.#
.........#.#####
...............> #
....o..)†..#####.#
....#..).{!....#.#
..# #..###.......#
.
#....(.......#####
#.#..####ok)......
#.#.. ###h###.###
. ... #...# ... .#
#.#.###.#
#.#.....# #
###.### #<# #.#
#.# ..#


You could see a wyvern and an orc wizard.

Vanquished Creatures
  Sigmund (D:3)
  A wraith (D:5)
  2 black bears
  2 ice beasts (D:6)
  An orc warrior (D:7)
  An ogre (D:7)
  A phantom (D:6)
  2 bullfrogs
  4 wights (D:6)
  A bombardier beetle (D:4)
  2 hounds (D:5)
  An orc priest (D:6)
  2 jellies (D:6)
  A sleepcap (D:5)
  2 iguanas (D:5)
  2 orc wizards (D:6)
  11 gnolls (D:6)
  7 adders
  A shadow imp (D:5)
  3 white imps
  2 ribbon worms
  2 dart slugs
  15 orcs
  3 endoplasms
  3 giant cockroaches
  15 goblins
  13 hobgoblins
  18 kobolds
  3 quokkas
  7 ball pythons
  4 bats
  3 frilled lizards
  A rat (D:2)
137 creatures vanquished.

Notes
Turn   | Place    | Note
-------+----------+-------------------------------------------
     0 | D:1      | Amaterasu the Draconian Shapeshifter began the quest for
                  | the Orb.
     0 | D:1      | Reached XP level 1. HP: 16/16 MP: 1/1
   242 | D:1      | Reached XP level 2. HP: 21/23 MP: 2/2
   787 | D:2      | Found a glowing golden altar of the Shining One.
   973 | D:2      | Reached XP level 3. HP: 28/28 MP: 3/3
  1247 | D:2      | Identified the +10 short sword of Victory {flame, Int+7}
  1370 | D:2      | Reached XP level 4. HP: 36/36 MP: 5/5
  1733 | D:3      | Reached skill level 1 in Spellcasting
  1824 | D:3      | Noticed Sigmund
  1838 | D:3      | Killed Sigmund
  1839 | D:3      | Reached skill level 2 in Short Blades
  1839 | D:3      | Reached XP level 5. HP: 42/42 MP: 5/7
  1842 | D:3      | Learned a level 1 spell: Slow
  1897 | D:3      | You fall into a shaft and drop 2 floors!
  1897 | D:5      | Entered Level 5 of the Dungeon
  2047 | D:4      | Reached XP level 6. HP: 50/50 MP: 8/8
  2522 | D:3      | Found a faded altar of an unknown god.
  3306 | D:5      | Noticed a wraith
  3308 | D:5      | Reached skill level 3 in Short Blades
  3308 | D:5      | Reached skill level 1 in Hexes
  3315 | D:5      | Killed a wraith
  3316 | D:5      | Your scales start taking on a glossy black colour.
  3316 | D:5      | Reached XP level 7. HP: 34/57 MP: 10/10
  3316 | D:5      | Gained mutation: You are resistant to electric shocks.
                  | (rElec) [Black Draconian growth]
  3866 | D:6      | Reached skill level 4 in Short Blades
  3979 | D:6      | Reached XP level 8. HP: 66/66 MP: 11/11
  4208 | D:6      | Reached skill level 5 in Short Blades
  4889 | D:6      | Found a staircase to the Ecumenical Temple.
  4899 | Temple   | Entered the Ecumenical Temple
  4909 | Temple   | Became a worshipper of Cheibriados the Contemplative
  4981 | D:6      | Reached skill level 6 in Short Blades
  4981 | D:6      | Reached skill level 5 in Shapeshifting
  5037 | D:6      | Found Suidghos's General Store.
  5144 | D:6      | Found a broken altar of Ashenzari.
  5446 | D:7      | Reached skill level 1 in Invocations
  5459 | D:7      | HP: 2/100 [wyvern (5)]
  5461 | D:7      | Mangled by a wyvern

Illustrated notes

Levels and vault maps discovered:
D:1:      shiori_shiawase, layout_basic
D:2:      layout_basic, basic_altar, grunt_decor_one_mirror
D:3:      layout_loops_ring, serial_co_window_serial, co_window_paths_a,
          co_window_corner_a, co_window_paths_b, co_window_of_opportunity_a,
          co_window_paths_a, co_window_paths_b, co_window_corner_a,
          co_window_corner_a, co_window_of_opportunity_a, co_window_corner_b,
          co_window_of_opportunity_b, co_window_2corner, co_window_broadway_a,
          co_window_corner_cb, glass_columns_a,
          hellmonk_ecumenical_altar_inner_sanctum, minmay_misc_feat_rugged,
          uniq_sigmund
D:4:      layout_rooms, chequers_serial_rivers_small_a, grunt_decor_junction,
          minmay_misc_feat_nine_boxes
D:5:      layout_loops_cross
D:6:      corexii_shantytown, layout_basic, general_overflow_altar,
          minmay_temple_entry_wispy, serial_shops, shop, minmay_curled_crystal,
          corexii_checkpoint, st_stairs_4,
          serial_library_hellmonk_recessed_alcove
D:7:      layout_loops_ring, amethyst_killhole, grunt_decor_clamped
Temple:   compressed_dpeg_circular_temple

Skill      XL: |  1  2  3  4  5  6  7  8 |
---------------+-------------------------+-----
Dodging        | 2 3 4 |  4.7
Spellcasting   | 1 2 |  2.0
Fighting       | 2 3 4 |  4.9
Short Blades   | 2 3 4 6 |  6.4
Shapeshifting  | 4 5 |  5.0
Hexes          | 1 2 |  2.8
Invocations    | 1 |  1.2
Unarmed Combat | |  3.8

Action                     |  1- 3 |  4- 6 |  7- 9 || total
---------------------------+-------+-------+-------++-------
  Melee: Unarmed           |    75 |       |       ||    75
         Tailslap          |     9 |     5 |    14 ||    28
         Punch             |     1 |     2 |     2 ||     5
         Short sword       |     7 |    62 |   151 ||   220
   Cast: Slow              |       |       |     7 ||     7
Ability: Breathe Lightning |       |       |     2 ||     2
  Evoke: Wand              |       |       |     1 ||     1
    Use: Scroll            |     3 |     8 |     4 ||    15
         Potion            |       |       |     1 ||     1
   Stab: Sleeping          |     1 |     3 |     3 ||     7
         Distracted        |       |     1 |       ||     1
 Armour: Skin              |    42 |    36 |    80 ||   158
  Dodge: Dodged            |    48 |    33 |    88 ||   169
